Map: The Vermillion Problem

Players

NamroodTuo

  • Race: Terran Terran
  • Spawn Location: 11:00

JCdcc

  • Race: Zerg Zerg
  • Spawn Location: 11:00

VOD

Have the link to the VOD?

Description

Time

  • Played on: Feb. 1, 2023, 5:21 a.m.
  • Length: 34:19
Show
View Real Time Build Order
Export as new Build Order

NamroodTuo Terran 

Build Orders:  

Get SALT Encoding   

  12  0:04  SCV  
  13  0:20  Supply Depot  
  13  0:27  SCV  
  14  0:41  SCV  
  15  0:56  Factory  
  15  1:05  Supply Depot  
  15  1:11  SCV  
  16  1:25  SCV  
  17  1:38  SCV  
  18  1:52  SCV  
  19  2:02  Perdition Turret  
  19  2:05  SCV  
  20  2:15  Perdition Turret  
  20  2:27  SCV  
  21  2:40  Devastation Turret  
  21  2:41  SCV  
  21  2:44  Devastation Turret  
  22  2:54  SCV  
  22  2:56  Refinery  
  23  3:04  Refinery  
  23  3:08  SCV  
  24  3:22  SCV  
  25  3:35  SCV  
  25  3:39  Devastation Turret  
  26  3:49  SCV  
  27  3:57  Engineering Bay  
  27  4:02  SCV  
  27  4:04  Armory  
  28  4:15  Perdition Turret x2  
  28  4:32  Devastation Turret  
  28  4:41  Perdition Turret  
  28  4:59  Perdition Turret  
  28  5:05  Perdition Turret  
  28  5:24  Spinning Dizzy, Upgrade Laser Drill Level 1  
  28  5:29  SCV  
  29  5:30  Devastation Turret  
  29  5:43  SCV  
  30  5:56  SCV  
  30  5:59  Spinning Dizzy  
  31  6:04  Starport  
  31  6:09  Supply Depot  
  31  6:25  Perdition Turret x2  
  31  6:43  Structure Armor  
  31  6:48  Supply Depot  
  31  6:58  Starport Tech Lab  
  31  7:10  Starport Tech Lab  
  31  7:14  Starport Tech Lab  
  31  7:17  Starport  
  31  7:19  Supply Depot  
  31  7:33  SCV  
  32  7:43  Hi-Sec Auto Tracking  
  32  7:46  SCV  
  33  7:51  Supply Depot  
  33  8:00  SCV  
  34  8:22  Supply Depot  
  34  8:27  Factory  
  34  8:31  Starport Tech Lab  
  34  8:38  Factory Tech Lab  
  34  8:40  Science Vessel  
  36  8:54  Supply Depot  
  36  9:25  Supply Depot  
  36  9:40  Spinning Dizzy  
  36  9:47  Factory Tech Lab  
  36  9:50  Pulse Amplifier  
  36  9:52  Improved Nano-Repair  
  36  10:02  Siege Tank  
  39  10:28  Maelstrom Rounds  
  39  10:38  Siege Tank  
  42  11:04  Spinning Dizzy  
  41  11:23  Siege Tank x2  
  41  11:27  Spinning Dizzy  
  41  11:56  Siege Tank x2  
  41  12:05  Science Vessel  
  41  12:06  Science Vessel  
  45  12:37  Siege Tank  
  48  13:22  Hercules  
  48  13:23  Hercules  
  54  13:33  Siege Tank  
  54  13:37  Siege Tank  
  58  14:00  Terran Vehicle and Ship Weapons Level 1  
  58  14:13  Perdition Turret  
  58  15:03  Siege Tank x2  
  64  15:21  Wraith  
  64  15:22  Wraith  
  68  15:35  Supply Depot  
  68  16:06  Spinning Dizzy  
  68  16:07  Supply Depot  
  68  16:13  Spinning Dizzy  
  68  16:35  Spinning Dizzy  
  68  16:40  Supply Depot  
  68  16:56  Devastation Turret  
  68  17:12  Supply Depot  
  68  17:25  Siege Tank  
  68  17:26  Siege Tank, Devastation Turret  
  74  17:32  Wraith x2  
  78  17:44  Supply Depot  
  78  18:02  Spinning Dizzy  
  78  18:12  Science Vessel, Wraith  
  78  18:18  Supply Depot  
  82  18:24  Devastation Turret  
  82  18:50  Supply Depot  
  82  18:52  Wraith  
  82  18:55  Devastation Turret  
  82  18:59  Upgrade Laser Drill Level 2  
  84  19:31  Wraith  
  84  19:37  Spinning Dizzy  
  86  20:02  Wraith  
  88  20:11  Wraith  
  90  20:42  Wraith  
  92  20:51  Wraith  
  94  21:22  Wraith  
  96  21:31  Wraith  
  78  24:03  Wraith  
  78  24:04  Wraith  
  82  24:43  Wraith  
  82  24:44  Wraith  
  86  25:05  Siege Tank x2  
  84  25:23  Wraith  
  84  25:24  Wraith  
  88  26:03  Wraith  
  88  26:04  Wraith  
  92  26:43  Wraith  
  92  26:44  Wraith  
  93  32:15  Siege Tank x2  
Show
View Real Time Build Order
Export as new Build Order

JCdcc Zerg 

Build Orders:  

Get SALT Encoding   

  12  0:07  Drone  
  13  0:30  Roach Warren  
  13  0:32  Drone  
  13  0:57  Drone  
  14  1:02  Overlord x2  
  14  1:10  Extractor  
  14  1:14  Extractor  
  12  1:36  Roach  
  12  1:37  Roach  
  16  1:43  Roach  
  18  1:54  Drone x2  
  20  2:01  Drone  
  21  2:46  Roach  
  21  2:47  Roach x2  
  27  2:58  Spine Crawler  
  26  3:05  Drone  
  26  3:08  Drone  
  28  3:34  Drone x2  
  28  3:38  Overlord  
  30  4:05  Drone  
  30  4:06  Drone x5  
  36  4:35  Drone  
  36  4:36  Drone  
  36  4:39  Overlord  
  38  4:40  Overlord  
  38  4:50  Lair  
  38  5:39  Roach  
  40  5:40  Roach x4  
  48  5:54  Roach  
  48  5:55  Roach  
  52  6:22  Overlord x3  
  52  7:16  Roach  
  52  7:17  Roach x4  
  52  7:18  Roach  
  52  7:19  Roach  
  62  8:26  Roach x3  
  62  8:27  Roach x4  
  76  9:21  Spire  
  75  10:09  Mutalisk  
  77  10:12  Overlord  
  77  10:13  Overlord x7  
  77  10:55  Glial Reconstitution  
  77  11:01  Evolution Chamber  
  76  11:19  Roach  
  74  11:41  Brutalisk  
  74  12:07  Mutalisk  
  74  12:08  Mutalisk x8  
  92  12:17  Zerg Missile Weapons Level 1  
  92  12:18  Infestation Pit  
  91  12:26  Evolution Chamber  
  90  13:37  Drone  
  90  13:38  Drone x8  
  99  14:01  Mutalisk  
  99  14:29  Leviathan  
  99  14:35  Roach  
  99  14:36  Roach x5  
  111  14:43  Spire, Zerg Flyer Weapons Level 1  
  111  14:49  Hydriodic Bile  
  110  14:54  Zerg Ground Armor Level 1  
  106  15:44  Roach  
  106  15:45  Roach x5  
  118  16:05  Roach  
  118  16:07  Roach x3  
  118  16:08  Roach x4  
  118  16:09  Roach x3  
  118  16:10  Roach  
  118  16:11  Roach x2  
  118  16:14  Roach  
  118  16:23  Ravager  
  118  16:25  Ravager x3  
  118  16:26  Ravager x4  
  118  16:27  Ravager x3  
  118  16:28  Ravager  
  118  16:29  Ravager x2  
  132  16:36  Brutalisk  
  132  16:39  Bloated Bile Ducts  
  132  17:01  Zerg Missile Weapons Level 2  
  132  17:07  Mutalisk  
  132  17:09  Roach  
  136  17:10  Roach x3  
  142  17:23  Zerg Flyer Armor Level 1  
  122  19:28  Mutalisk x2  
  122  19:29  Mutalisk x4  
  134  19:30  Overlord  
  134  19:31  Overlord x2  
  134  20:06  Mutalisk  
  134  20:22  Mutalisk  
  134  20:23  Mutalisk x2  
  140  20:34  Leviathan  
  140  20:54  Hive  
  138  22:53  Drone x2  
  138  22:54  Drone  
  138  22:56  Roach x2  
  138  22:57  Roach x4  
  152  24:48  Greater Spire  
  152  25:14  Roach  
  152  25:36  Brutalisk  
  146  26:00  Zerg Flyer Weapons Level 2  
  146  26:04  Zerg Missile Weapons Level 3  
  146  26:07  Zerg Ground Armor Level 2  
  146  26:10  Adaptive Plating  
  134  29:10  Zerg Flyer Armor Level 2  
  124  30:35  Mutalisk  
  124  30:36  Mutalisk x4  
  124  30:37  Mutalisk x2  
  124  30:38  Roach  
  124  30:39  Roach  
  127  30:56  Mutalisk x2  
  131  31:40  Roach  
  131  31:41  Roach x4  
  141  32:08  Mutalisk  
  141  32:09  Mutalisk x2  
  147  32:20  Rapid Regeneration  
Tags
 
Add a new tag
Caveats
  • Supply blocks, unpowered buildings, or Contaminate may cause inaccurate times.
  • Supply counts are checked every 10 seconds.